 Dungeon Crawl Stone Soup version 0.30.1 (webtiles) character file.

Game seed: 2661346578530670767

14 Arctor the Insei (level 2, -1/18 HPs)
             Began as an Octopode Transmuter on July 5, 2023.
             Slain by a worm (9 damage)
             ... on level 2 of the Dungeon.
             The game lasted 00:01:06 (1121 turns).

Arctor the Insei (Octopode Transmuter)              Turns: 1121, Time: 00:01:07

Health: -1/18      AC:  1    Str:  9    XL:     2   Next: 45%
Magic:  4/5        EV: 13    Int: 15    God:
Gold:   48         SH:  0    Dex: 12    Spells: 4/5 levels left

rFire   . .          .
                       - Unarmed
rCold   . . .        (no shield)
rNeg    . . .        (helmet restricted)
rPois   .            (no amulet)
rElec   .            (no ring)
rCorr   .            (no ring)
SInv    .            (no ring)
Will    .....        (no ring)
Stlth   ++           (no ring)
HPRegen 0.23/turn    (no ring)
MPRegen 0.09/turn    (no ring)
                     (no ring)

%: no passive effects
@: very slightly contaminated
A: almost no armour, amphibious, 8 rings, camouflage 1, gelatinous body 1,
(nimble swimmer 1), tentacles
a: no special abilities


You were on level 2 of the Dungeon.
You visited 1 branch of the dungeon, and saw 2 of its levels.

You collected 48 gold pieces.

Inventory:

Scrolls
 b - a scroll of immolation {unknown}
 c - a scroll of poison {unknown}
Potions
 a - a potion of lignification
 d - a potion of curing
 f - 2 potions of heal wounds


   Skills:
 + Level 1.3 Fighting
 + Level 2.2 Dodging
 + Level 3.1 Unarmed Combat
 + Level 2.1 Spellcasting
 + Level 2.2 Transmutations


You had 4 spell levels left.
You knew the following spells:

 Your Spells              Type           Power      Damage    Failure   Level
a - Beastly Appendage     Tmut           16%        N/A       9%          1

Your spell library contained the following spells:

 Spells                   Type           Power      Damage    Failure   Level
 Wereblood                Tmut           8%         N/A       13%         2
 Shock                    Conj/Air       4%         1d3       22%         1
 Summon Small Mammal      Summ           4%         N/A       22%         1
 Spider Form              Tmut/Pois      4%         N/A       38%         3
 Call Canine Familiar     Summ           1%         N/A       54%         3
 Summon Guardian Golem    Hex/Summ       1%         N/A       54%         3
 Swiftness                Air            1%         N/A       54%         3
 Tukima's Dance           Hex            1%         N/A       54%         3
 Ice Form                 Ice/Tmut       4%         N/A       80%         4
 Airstrike                Air            0%         2d(1-17)  91%         4
 Passage of Golubria      Tloc           1%         N/A       91%         4
 Yara's Violent Unravell  Hex/Tmut       2%         3d3       98%         5


Dungeon Overview and Level Annotations

Branches:
Dungeon (2/15)

Altars:


Innate Abilities, Weirdness & Mutations

You cannot wear most types of armour.
You are amphibious.
You can wear up to eight rings at the same time.
Your skin changes colour to match your surroundings (Stealth+).
Your rubbery body absorbs attacks. (AC +1, EV +1)
((You are camouflaged when in or above water. (Stealth+)))
You have tentacles for arms and can constrict up to eight enemies at once.


Message History

Key pressed, stopping explore.
No target in view!
Done exploring.
As you read the scroll labelled DIOMURUTOO, it crumbles to dust.
It is a scroll of identify.
d - a potion of curing
As you read the scroll of identify, it crumbles to dust.
f - 2 potions of heal wounds Done exploring.
Done exploring.
Done exploring.
(D) Dungeon
Where to? (? - help)
What level of the Dungeon? (default 1, ? - help)
There is a stone staircase leading down here.
You climb downwards.
The adder hisses angrily.
There is a stone staircase leading up here.
There are monsters nearby!
A worm comes into view.
Found a potion of curing.
There are monsters nearby!
There are monsters nearby!
There are monsters nearby!
The helpless worm fails to defend itself.
You tentacle-slap the worm. Your grab misses the worm.
The worm is moderately wounded.
You miscast Beastly Appendage.
You are very lightly contaminated with residual magic.
Nothing appears to happen.
The worm bites you!
Ouch! That really hurt!
The adder barely misses you.
You are too injured to fight recklessly!
You are too injured to fight recklessly!
You are too injured to fight recklessly!
Unknown command.
The bat attacks as you move away! The bat hits you but does no damage.
The bat barely misses you. The worm bites you!
Ouch! That really hurt!
You die...

############
.....#..... ..
.....#.... ...
###..#...##....
#..............
#..#w@.##...
#..#.#..#Sb.......
#......<.........#
####.##.#.#......#
!.###.####### ###
##


You could see a worm, an adder and a bat.

Vanquished Creatures
  A ball python (D:1)
  A bat (D:1)
  A giant cockroach (D:1)
  3 goblins (D:1)
  A hobgoblin (D:1)
  A quokka (D:1)
  A kobold (D:1)
  4 rats (D:1)
13 creatures vanquished.

Notes
Turn   | Place    | Note
-------+----------+-------------------------------------------
     0 | D:1      | Arctor the Octopode Transmuter began the quest for the Orb.
     0 | D:1      | Reached XP level 1. HP: 13/13 MP: 3/3
   209 | D:1      | Reached XP level 2. HP: 6/18 MP: 1/5
  1121 | D:2      | Slain by a worm

Illustrated notes

Levels and vault maps discovered:
D:1:      roderic_octagonal_star, layout_basic, glass_columns_c,
          minmay_hexomino_u4
D:2:      layout_loops_cross, hangedman_abyss_or_decor_stabs

Action                     || total
---------------------------++-------
  Melee: Unarmed           ||    27
         Kick              ||     6
         Constrict         ||     7
         Punch             ||     2
   Cast: Beastly Appendage ||    17
    Use: Scroll            ||     2
   Stab: Sleeping          ||     2
 Armour: Skin              ||     5
  Dodge: Dodged            ||    19
